 Dungeon Crawl Stone Soup version 0.16.2-12-gd0ad4c3 (webtiles) character file.

348 Kloppie the Sneak (level 6, -1/28 HPs)
             Began as a Vine Stalker Enchanter on Oct 27, 2015.
             Slain by an ogre
             ... wielding a +0 giant club
              (14 damage)
             ... on level 4 of the Dungeon.
             The game lasted 00:07:11 (3115 turns).

Kloppie the Sneak (Vine Stalker Enchanter)          Turns: 3115, Time: 00:07:11

Health: -1/28      AC:  5    Str: 10    XL:     6   Next: 60%
Magic:  0/12       EV: 10    Int: 15    God:
Gold:   93         SH:  0    Dex: 17    Spells: 3 memorised, 3 levels left

rFire  . . .     SeeInvis .     k - +0 rapier
rCold  . . .     Clarity  .     f - +0 ring mail
rNeg   . . .     SustAb   .     (no shield)
rPois  .         Gourm    .     s - -1 helmet (curse)
rElec  .         Spirit   +     (no cloak)
rCorr  .         Warding  .     (no gloves)
rMut   .         Stasis   .     (no boots)
MR     .....                    (no amulet)
Stlth  +++.......               (no ring)
                                (no ring)

@: not resistant to hostile enchantments, fairly stealthy
A: fangs 2, regeneration 2, magic shield, antimagic bite, no device heal 3, rot
immunity
a: no special abilities


You were on level 4 of the Dungeon.
You were hungry.

You visited 1 branch of the dungeon, and saw 4 of its levels.

You collected 93 gold pieces.

Inventory:

Hand weapons
 a - a +1 dagger
 k - a +0 rapier (weapon)
 y - a +1 dagger of pain
Armour
 b - a +1 robe
 f - a +0 ring mail (worn)
 j - a cursed +0 ring mail
 s - a cursed -1 helmet (worn)
Jewellery
 l - an uncursed amulet of rage {unknown}
 w - an uncursed ring of poison resistance {unknown}
Magical devices
 B - a wand of paralysis (13)
Scrolls
 e - 4 scrolls of identify {unknown}
 m - a scroll of teleportation {unknown}
 q - a scroll of amnesia {unknown}
 t - a scroll of immolation {unknown}
 u - a scroll of magic mapping {unknown}
 v - a scroll of enchant armour {unknown}
Potions
 g - 3 potions of heal wounds {unknown}
 h - 2 potions of haste {unknown}
 i - a potion of curing {unknown}
 n - a potion of degeneration {unknown}
 r - a potion of brilliance {unknown}
 z - a potion of ambrosia {unknown}
Books
 c - a book of Maledictions

   Spells                             Type                      Level
   a - Corona                         Hexes                        1
   b - Sure Blade                     Hexes/Charms                 2
   c - Ensorcelled Hibernation        Hexes/Ice                    2
   d - Confuse                        Hexes                        3
   e - Dazzling Spray                 Conjuration/Hexes            3
   f - Enslavement                    Hexes                        4
Comestibles
 d - 2 bread rations
 o - 2 beef jerkies
 p - a meat ration
 x - 2 fruits
 A - 2 slices of pizza


   Skills:
 - Level 4.0 Short Blades
 - Level 1.5 Dodging
 - Level 6.7 Stealth
 - Level 2.1 Spellcasting
 + Level 3.2 Hexes
 + Level 1.0 Ice Magic


You had 3 spell levels left.
You knew the following spells:

 Your Spells              Type           Power        Failure   Level  Hunger
a - Corona                Hex            ##.....      17%         1    #......
b - Ensorcelled Hibernat  Hex/Ice        #.....       38%         2    ###....
c - Confuse               Hex            ##......     52%         3    ###....


Dungeon Overview and Level Annotations

Branches:
Dungeon (4/15)
 Temple: D:4-7

Altars:


Innate Abilities, Weirdness & Mutations

You have extremely sharp teeth.
You heal very quickly.
When hurt, damage is shared between your health and your magic reserves.
Your bite disrupts and absorbs the magic of your enemies.
Potions and wands cannot restore your health.
You are immune to rotting.


Message History

Press: ? - help, Shift-Dir - straight line, f/p - ogre
Aim: an ogre, wielding a giant club (chance 38%)
The ogre resists with some effort.
The ogre barely misses you.
You puncture the ogre! You bite the ogre, but do no damage.
The ogre is moderately wounded.
The ogre hits you with a giant club!
You hit the ogre. You bite the ogre. You drain its power.
You feel invigorated.
The ogre is heavily wounded.
You barely miss the ogre. You bite the ogre. You drain its power.
You feel invigorated.
The ogre is heavily wounded.
The ogre hits you with a giant club!
You hit the ogre.
The ogre is severely wounded.
The ogre closely misses you.
You hit the ogre but do no damage.
The ogre is severely wounded.
The ogre hits you with a giant club!!
Ouch! That really hurt!
You die...

.#. #...# ..##### . .
#...# #.... #...#
##### #...# # #...# #
#...# # #...#
####.O.####
#....@)...#
######..#<.<#..######
#...#...#...#...#...#
#....#..##>##..#....#
######...###...######
##### #####


You could see an ogre.

Vanquished Creatures
  Duvessa (D:4)
  Dowan (D:3)
  A giant frog skeleton (D:4)
  2 orc wizards
  A centaur skeleton (D:4)
  2 hounds (D:4)
  5 adders
  3 worms
  2 giant geckos
  An ooze (D:1)
  4 orcs
  3 ball pythons
  6 goblins
  3 hobgoblins
  2 jackals (D:2)
  4 kobolds
  5 bats
  A giant newt (D:2)
  5 rats
52 creatures vanquished.

Notes
Turn   | Place    | Note
--------------------------------------------------------------
     0 | D:1      | Kloppie, the Vine Stalker Enchanter, began the quest for the Orb.
     0 | D:1      | Reached XP level 1. HP: 9/9 MP: 3/3
    43 | D:1      | Reached skill level 1 in Short Blades
   341 | D:1      | Reached XP level 2. HP: 11/13 MP: 3/5
   374 | D:1      | Learned a level 2 spell: Ensorcelled Hibernation
   654 | D:1      | Reached skill level 4 in Stealth
   936 | D:2      | Reached XP level 3. HP: 8/16 MP: 5/7
  1489 | D:2      | Reached skill level 5 in Stealth
  1489 | D:2      | Reached XP level 4. HP: 7/21 MP: 4/8
  1503 | D:2      | HP: 1/21 [poisoned by an adder]
  2121 | D:4      | Reached XP level 5. HP: 24/24 MP: 9/11
  2155 | D:4      | Noticed Duvessa
  2159 | D:4      | Noticed Dowan
  2397 | D:4      | Killed Duvessa
  2397 | D:4      | Reached skill level 6 in Stealth
  2397 | D:4      | Gained mutation: You heal very quickly. [vine stalker growth]
  2397 | D:4      | Reached XP level 6. HP: 7/28 MP: 7/12
  2507 | D:3      | Killed Dowan
  2675 | D:4      | Noticed an ogre
  3010 | D:4      | Reached skill level 1 in Ice Magic
  3033 | D:4      | Noticed an ogre
  3043 | D:4      | Learned a level 3 spell: Confuse
  3115 | D:4      | Slain by an ogre

Action                   |  1- 3 |  4- 6 || total
-------------------------+-------+-------++-------
Melee: Dagger            |    75 |       ||    75
       Rapier            |    37 |   172 ||   209
 Cast: Ensorcelled Hiber |       |     2 ||     2
 Stab: Sleeping          |     2 |     7 ||     9
  Eat: Chunk             |     2 |     3 ||     5
       Fruit             |       |     2 ||     2
